 Dungeon Sprint DCSS version 0.30-a0-465-g8901f6c8b5 (webtiles) character file.

Game seed: 7526668432745045526

3529 mhtbhm the Peltast (level 9, 92/92 HPs)
             Began as a Minotaur Fighter on Dec 18, 2022.
             Quit the game in the Dungeon (Sprint V: "Ziggurat Sprint").
             The game lasted 00:02:43 (691 turns).

mhtbhm the Peltast (Minotaur Fighter)                Turns: 691, Time: 00:02:44

Health: 92/92      AC: 26    Str: 38    XL:     9   Next: 82%
Magic:  8/8        EV:  1    Int:  5    God:
Gold:   0          SH: 31    Dex:  9    Spells: 8/8 levels left

rFire   + + .      SeeInvis .    a - +8 lance "Wyrmbane" {slay drac, rPois rF+ rC+ AC+3}
rCold   + + .      Faith    .    c - +18 shield of the Gong {rElec rN+ Will+ EV-5}
rNeg    + . .      Spirit   .    b - +5 gold dragon scales
rPois   +          Reflect  .    (helmet restricted)
rElec   +          Harm     .    (no cloak)
rCorr   .          Rampage  .    (no gloves)
Will    +....      NoTele   +    (no boots)
Stlth   ..........               (no amulet)
HPRegen 0.35/turn                y - +6 ring of strength
MPRegen 0.11/turn                x - +6 ring of strength

@: studying Polearms
A: horns 2, retaliatory headbutt
a: no special abilities


You were in the Dungeon.
You visited 1 branch

Inventory:

Hand Weapons
 a - the +8 lance "Wyrmbane" (weapon) {slay drac, rPois rF+ rC+ AC+3}
   (You found it in the Dungeon)

   It inflicts extra damage against dragons and draconians.
   AC:        It affects your AC (+3).
   rF:        It protects you from fire.
   rC:        It protects you from cold.
   rPois:     It protects you from poison.
 D - the +14 obsidian axe {vorpal, Mesm Drain Fly SInv}
   (You found it in the Dungeon)

   It inflicts extra damage upon your enemies.
   It occasionally summons demons to assist the wielder when it strikes in
   combat.
   Its wielder is mesmerised by any visible foes.
   It cannot be unequipped while any foes are visible.
   SInv:      It lets you see invisible.
   Fly:       It grants you flight.
   Drain:     It drains your maximum health when unequipped.
Armour
 b - +5 gold dragon scales (worn)
 c - the +18 shield of the Gong (worn) {rElec rN+ Will+ EV-5}
   (You found it in the Dungeon)

   It is deafeningly noisy when blocking attacks.
   EV:        It affects your evasion (-5).
   rElec:     It insulates you from electricity.
   rN:        It protects you from negative energy.
   Will:      It increases your willpower.
 E - the +15 Maxwell's patent armour {-Cast -Tele rElec Will+ rCorr}
   (You found it in the Dungeon)

   rElec:     It insulates you from electricity.
   -Cast:     It prevents spellcasting.
   -Tele:     It prevents most forms of teleportation.
   rCorr:     It protects you from acid and corrosion.
   Will:      It increases your willpower.
Jewellery
 u - a ring of protection from cold
 v - the amulet "Fuibbomapi" {Spirit *Corrode rPois Dex+7}
   (You found it in the Dungeon)

   [amulet of guardian spirit]

   It causes incoming damage to be divided between your reserves of health and
   magic.
   Dex:       It affects your dexterity (+7).
   rPois:     It protects you from poison.
   *Corrode:  It may corrode you when you take damage.
 w - the ring of Iniblal {Wiz rF+ rC++ Dex-3 Slay+2}
   (You found it in the Dungeon)

   [ring of wizardry]

   It improves your spell success rate.
   Dex:       It affects your dexterity (-3).
   Slay:      It affects your accuracy & damage with ranged weapons and melee
   (+2).
   rF:        It protects you from fire.
   rC:        It greatly protects you from cold.
 x - a +6 ring of strength (right hand)
 y - a +6 ring of strength (left hand)
Wands
 z - a wand of mindburst (7)
 A - a wand of iceblast (7)
 B - a wand of light (6)
Scrolls
 j - 4 scrolls of blinking
 o - 4 scrolls of amnesia
 p - 7 scrolls of fog
 q - 5 scrolls of identify
 r - 2 scrolls of fear
 t - a scroll of brand weapon
Potions
 d - 6 potions of might
 e - 10 potions of curing
 f - 14 potions of heal wounds
 g - 6 potions of haste
 h - 7 potions of magic
 i - 3 potions of berserk rage
 k - 2 potions of brilliance
 l - 2 potions of invisibility
 m - 4 potions of resistance
 n - a potion of experience
Miscellaneous
 s - a box of beasts
 C - a lightning rod (4/4)
 F - a condenser vane


   Skills:
 + Level 12.9 Fighting
 + Level 5.9(11.1) Axes
 + Level 14.5(15.0) Polearms
 + Level 12.6 Armour
 + Level 17.0 Shields
 + Level 3.4 Evocations


You had 8 spell levels left.
You didn't know any spells.
Your spell library contained the following spells:

 Spells                   Type           Power      Damage    Failure   Level
 Freeze                   Ice            0%         1d3       100%        1
 Sting                    Tmut/Pois      0%         1d3       100%        1
 Static Discharge         Conj/Air       0%         2-2/arc   100%        2
 Kindle Blastsparks       Fire/Tloc/Air  0%         2d10      100%        3
 Stone Arrow              Conj/Erth      0%         3d7       100%        3
 Tukima's Dance           Hex            0%         N/A       100%        3
 Animate Dead             Necr           0%         N/A       100%        4
 Passage of Golubria      Tloc           0%         N/A       100%        4
 Sticky Flame             Conj/Fire      0%         2d3       100%        4
 Borgnjor's Vile Clutch   Necr/Erth      0%         N/A       100%        5
 Yara's Violent Unravell  Hex/Tmut       0%         3d3       100%        5
 Conjure Ball Lightning   Conj/Air       0%         3x3d6     100%        6
 Death Channel            Necr           0%         N/A       100%        6
 Eringya's Noxious Bog    Tmut/Pois      0%         N/A       100%        6
 Borgnjor's Revivificati  Necr           0%         N/A       100%        8
 Necromutation            Tmut/Necr      0%         N/A       100%        8
 Death's Door             Necr           0%         N/A       100%        9
 Fire Storm               Conj/Fire      0%         5d1       100%        9


Dungeon Overview and Level Annotations

Branches:
Dungeon (1/1)

Altars:
Ashenzari
Cheibriados
Dithmenos
Elyvilon
Fedhas
Gozag
Hepliaklqana
Kikubaaqudgha
Makhleb
Nemelex Xobeh
Okawaru
Qazlal
Ru
Sif Muna
Trog
Uskayaw
Vehumet
Wu Jian
Xom
Yredelemnul
Zin
The Shining One
Jiyva
Lugonu

Annotations:
D 1 transporter


Innate Abilities, Weirdness & Mutations

You have a pair of horns on your head.
You reflexively headbutt those who attack you in melee.


Message History

BONNNG!
Your Polearms skill increases to level 14!
Unknown command.
You barely miss the slime creature.
The slime creature is moderately wounded.
Your juvenile batweird beast hits the slime creature!
You puncture the slime creature!
The slime creature is severely wounded.
You block the slime creature's attack.
BOUMMMMG!
Your juvenile batweird beast hits the slime creature!
You puncture the slime creature!
The slime creature is almost dead.
Your juvenile batweird beast hits the slime creature!
The slime creature dies!
Your Shields skill increases to level 17!
No target in view!
No target in view!
No target in view!
No target in view!
No target in view!
No target in view!
No target in view!
No target in view!
No target in view!
No target in view!
No target in view!
Really walk into that cloud of thunder? [Y]es or [N]o only, please.
Really walk into that cloud of thunder? [Y]es or [N]o only, please.
Really walk into that cloud of thunder?
Okay, then.
You start waiting.
Your juvenile batweird beast disappears in a puff of smoke!
Done waiting.
v - the amulet "Fuibbomapi" {Spirit *Corrode rPois Dex+7}
w - the ring of Iniblal {Wiz rF+ rC++ Dex-3 Slay+2}
Okay, then.
Are you sure you want to abandon this character and quit the game? (Confirm with "yes".)

▓...[....▓..).=...▓
▓........▓........▓
▓........▓........▓
▓...†....▓.▓..†.▓.▓
▓...©....▓...©....▓
▓▓▓▓▓▓▓▓▓▓▓▓▓▓▓▓▓▓▓
▓...8©8...▓..8©8..▓
▓..:|))...▓...)...▓
▓...[.@...▓.......▓
▓.........▓.......▓
▓.........▓.......▓
▓.........▓.......▓
▓.........▓.......▓
▓.........▓.▓...▓.▓
▓....©....▓...©...▓
▓▓▓▓▓▓▓▓▓▓▓▓▓▓▓▓▓▓▓
▓..8©8..▓


There were no monsters in sight!

Vanquished Creatures
  2 shining eyes (D)
  A smoke demon (D)
  2 rime drakes (D)
  A slime creature (D)
  A tarantella (D)
  A steam dragon (D)
  A small abomination (D)
  2 orc warriors (D)
  A swamp drake (D)
  2 wolves (D)
  A phantom (D)
  3 necrophages (D)
  A scorpion (D)
  An iguana (D)
  2 iron imps (D)
  4 orc wizards (D)
  An adder (D)
  A shadow imp (D)
  An ufetubus (D)
  2 endoplasms (D)
  A jackal (D)
  2 ball pythons (D)
  A quokka skeleton (D)
35 creatures vanquished.

Vanquished Creatures (collateral kills)
  A shining eye (D)
  A slime creature (D)
2 creatures vanquished.

Grand Total: 37 creatures vanquished

Notes
Turn   | Place    | Note
-------+----------+-------------------------------------------
     0 | D        | mhtbhm the Minotaur Fighter began the quest for the Orb.
     0 | D        | Reached XP level 1. HP: 19/19 MP: 0/0
    16 | D        | Found a shimmering blue altar of Sif Muna.
    16 | D        | Found a bloodstained altar of Trog.
    16 | D        | Found a sacrificial altar of Ru.
    16 | D        | Found a stormy altar of Qazlal.
    16 | D        | Found an iron altar of Okawaru.
    17 | D        | Found a sparkling altar of Nemelex Xobeh.
    17 | D        | Found a blossoming altar of Fedhas.
    17 | D        | Found the +6 Majin-Bo {vamp, MP+6 Int+6}
    17 | D        | Found the +27 heavy crossbow "Sniper" {vorpal, Acc+∞ SInv}
    17 | D        | Found the +10 dark maul {vorpal}
    17 | D        | Found the +15 Maxwell's patent armour {-Cast -Tele rElec
                  | Will+ rCorr}
    17 | D        | Found the +18 shield of the Gong {rElec rN+ Will+ EV-5}
    17 | D        | Found the +14 obsidian axe {vorpal, Mesm Drain Fly SInv}
    17 | D        | Found the +7 great mace "Firestarter" {inner flame, rF++}
    17 | D        | Found the +6 shillelagh "Devastator" {shatter}
    17 | D        | Found the +11 plutonium sword {Contam Stlth-}
    17 | D        | Found the +8 lance "Wyrmbane" {slay drac, rPois rF+ rC+
                  | AC+3}
    17 | D        | Found the +9 sword of Zonguldrok {reap}
    17 | D        | Found the +13 scythe of Curses {drain, Drain}
    17 | D        | Found the +5 sword of Power {vorpal}
    17 | D        | Found the +7 mace of Variability {chain chaos}
    17 | D        | Found the +7 Singing Sword {vorpal, sonic wave}
    17 | D        | Found the +8 storm bow {elec, penet}
    19 | D        | Found a transporter.
    19 | D        | Found an ancient bone altar of Kikubaaqudgha.
    19 | D        | Found a viscous altar of Jiyva.
    19 | D        | Found a corrupted altar of Lugonu.
    19 | D        | Found a hazy altar of Hepliaklqana.
    19 | D        | Found a burning altar of Makhleb.
    19 | D        | Found an opulent altar of Gozag.
   161 | D        | Entered arena 2.
   161 | D        | Noticed a tarantella
   161 | D        | Noticed a scorpion
   161 | D        | Found a transporter.
   163 | D        | Killed a tarantella
   164 | D        | Reached skill level 8 in Shields
   164 | D        | Reached XP level 2. HP: 35/35 MP: 1/1
   164 | D        | Reached XP level 3. HP: 40/40 MP: 2/2
   164 | D        | Reached XP level 4. HP: 48/48 MP: 3/3
   164 | D        | Reached XP level 5. HP: 53/53 MP: 4/4
   165 | D        | Reached skill level 9 in Shields
   175 | D        | Entered arena 3.
   175 | D        | Found a transporter.
   186 | D        | Entered arena 4.
   186 | D        | Noticed a steam dragon
   186 | D        | Noticed a rime drake
   186 | D        | Noticed a swamp drake
   186 | D        | Noticed a rime drake
   186 | D        | Found a transporter.
   192 | D        | Killed a rime drake
   193 | D        | Reached skill level 10 in Fighting
   193 | D        | Reached skill level 5 in Axes
   193 | D        | Reached skill level 1 in Polearms
   193 | D        | Reached skill level 10 in Armour
   193 | D        | Reached skill level 10 in Shields
   193 | D        | Reached XP level 6. HP: 53/66 MP: 5/5
   199 | D        | Killed a swamp drake
   200 | D        | Reached skill level 11 in Shields
   200 | D        | Reached XP level 7. HP: 57/73 MP: 6/6
   201 | D        | Killed a rime drake
   204 | D        | Killed a steam dragon
   205 | D        | Reached skill level 12 in Shields
   249 | D        | Entered arena 5.
   249 | D        | Found a transporter.
   262 | D        | Reached skill level 5 in Polearms
   262 | D        | Reached XP level 8. HP: 76/83 MP: 7/7
   286 | D        | Entered arena 6.
   286 | D        | Found a transporter.
   295 | D        | Reached skill level 13 in Shields
   295 | D        | Reached skill level 1 in Evocations
   309 | D        | Got the ring of Joy {+Blink Fly Dex+2}
   328 | D        | Entered arena 7.
   328 | D        | Noticed a smoke demon
   330 | D        | Found a transporter.
   339 | D        | Killed a smoke demon
   340 | D        | Reached skill level 14 in Shields
   357 | D        | Got Unkoll's Papyrus of Intoxication and the Coals
   359 | D        | Got Exiprice's Grimoire of the Frore Barrage
   484 | D        | Entered arena 8.
   485 | D        | Found a transporter.
   503 | D        | Reached skill level 10 in Polearms
   513 | D        | Reached XP level 9. HP: 78/91 MP: 8/8
   560 | D        | Got the Codex of Weather
   565 | D        | Entered arena 9.
   565 | D        | Noticed a shining eye
   565 | D        | Noticed a shining eye
   565 | D        | Noticed a shining eye
   571 | D        | Killed a shining eye
   572 | D        | Reached skill level 15 in Shields
   572 | D        | Killed a shining eye
   573 | D        | Reached skill level 16 in Shields
   573 | D        | Found a transporter.
   576 | D        | Killed a shining eye
   582 | D        | Reached skill level 17 in Shields
   688 | D        | Got the amulet "Fuibbomapi" {Spirit *Corrode rPois Dex+7}
   690 | D        | Got the ring of Iniblal {Wiz rF+ rC++ Dex-3 Slay+2}
   691 | D        | Quit the game

Illustrated notes

Levels and vault maps discovered:
D:        sprint_v [room_start, room_1, room_2, room_3, room_4, room_5, room_6,
          room_7, room_8, room_9, room_10, room_11, room_12, room_13, room_14,
          room_15, room_16, room_17, room_18, room_19, room_20, room_21,
          room_22, room_23, room_24, room_25, room_26, room_27]

Skill      XL: |  1  2  3  4  5  6  7  8  9 |
---------------+----------------------------+-----
Fighting       | 8 10 11 12 | 12.9
Axes           | 4 5 |  5.9
Armour         | 8 10 11 12 | 12.6
Shields        | 8 10 11 12 14 17 | 17.0
Polearms       | 1 2 5 11 14 | 14.5
Evocations     | 2 3 |  3.4

Action                   |  1- 3 |  4- 6 |  7- 9 || total
-------------------------+-------+-------+-------++-------
Melee: Lance             |     1 |    16 |    72 ||    89
       Headbutt          |       |     1 |    10 ||    11
Evoke: Wand              |     1 |       |       ||     1
       Condenser vane    |       |     1 |     2 ||     3
       Lightning rod     |       |       |     6 ||     6
       Box of beasts     |       |       |     1 ||     1
Armor: Gold dragon scale |       |     7 |    33 ||    40
Dodge: Dodged            |     1 |     1 |     1 ||     3
Block: Kite shield       |     2 |    19 |   104 ||   125

Table legend: (Time is in decaauts)
 A = Elapsed time spent in this place.
 B = Non-inter-level travel time spent in this place.
 C = Inter-level travel time spent in this place.
 D = Time resting spent in this place.
 E = Time spent auto-exploring this place.
 F = Levels seen in this place.
 G = Mean time per level.
                   A        B        C        D        E       F      G
               +--------+--------+--------+--------+--------+-----+--------+
         Total |    674 |    674 |      0 |    399 |      0 |   1 |  674.0 |
       Dungeon |    674 |    674 |      0 |    399 |      0 |   1 |  674.0 |
               +--------+--------+--------+--------+--------+-----+--------+

Top non-repeatable levels by time:
       D: 674 daAuts
